 Dungeon Sprint DCSS version 0.24.0-37-gcf1ca852f1 (webtiles) character file.

Game seed: 12997953253637890492, levelgen mode: deterministic

9422 Iskender the Executioner (level 11, -3/107 HPs)
             Began as a Hill Orc Fighter on Nov 23, 2019.
             Was the Champion of Makhleb.
             Splashed by a yellow draconian's acid (6 damage)
             ... in the Dungeon (Sprint V: "Ziggurat Sprint").
             The game lasted 00:18:27 (1097 turns).

Iskender the Executioner (Hill Orc Fighter)         Turns: 1097, Time: 00:18:28

Health: -3/107     AC: 14    Str: 23    XL:     11   Next: 46%
Magic:  20/21      EV:  8    Int:  8    God:    Makhleb [******]
Gold:   0          SH:  2    Dex: 10    Spells: 10/10 levels left

rFire    + . .     SeeInvis .   a - +5 executioner's axe
rCold    + + +     Gourm    .   (shield currently unavailable)
rNeg     . . .     Faith    .   n - +5 gold dragon scales
rPois    +         Spirit   .   (no helmet)
rElec    .         Reflect  +   (no cloak)
rCorr    .         Harm     .   (no gloves)
MR       .....     NoTele   +   (no boots)
Stlth    ..........             W - amulet of Fragile Peace {Reflect rC++ SH+2}
HPRegen  0.27/turn              C - ring of Shadows {Umbra +Inv Stlth+}
MPRegen  0.17/turn              V - +5 ring of evasion

@: corroded, very slightly contaminated, slowed, wreathed by umbra, invisible,
very slow
A: no striking features
a: Minor Destruction, Lesser Servant of Makhleb, Major Destruction, Greater
Servant of Makhleb, Renounce Religion


You were in the Dungeon.
You worshipped Makhleb.
Makhleb was exalted by your worship.
You were very full.

You visited 1 branch

Inventory:

Hand Weapons
 a - a +5 executioner's axe (weapon)
 b - a +5 bardiche
 c - a +5 triple crossbow
 m - the +9 glaive of Optimality {antimagic, *Slow rPois Str+9}
   (You found it in the Dungeon)

   It reduces the magical energy of the wielder, and disrupts the spells and
   magical abilities of those hit.
   Natural abilities and divine invocations are not affected.
   It affects your strength (+9).
   It protects you from poison.
   It may slow you when you take damage.
 J - the +9 heavy crossbow "Sniper" {velocity, Acc+∞ SInv}
   (You found it in the Dungeon)

   Any bolt fired from it inflicts extra damage.
   It lets you see invisible.
 L - the +10 dark maul {crush}
   (You found it in the Dungeon)

   It inflicts extra damage upon your enemies.
 M - the cursed +14 obsidian axe {chop, +Fly SInv *Curse}
   (You found it in the Dungeon)

   It inflicts extra damage upon your enemies.
   It lets you see invisible.
   It lets you fly.
   It curses itself when equipped.
   It has a curse placed upon it.
 O - the +7 great mace "Firestarter" {inner flame, rF++}
   (You found it in the Dungeon)

   It has been specially enchanted to burn those struck by it, causing extra
   injury to most foes and up to half again as much damage against particularly
   susceptible opponents.
   It greatly protects you from fire.
 P - the +8 lance "Wyrmbane" {slay drac, rPois rF+ rC+ AC+3}
   (You found it in the Dungeon)

   It affects your AC (+3).
   It protects you from fire.
   It protects you from cold.
   It protects you from poison.
 Q - the +7 mace of Variability {chain chaos}
   (You found it in the Dungeon)

   Each time it hits an enemy it has a different, random effect.
 R - the +11 plutonium sword {*Contam Stlth-}
   (You found it in the Dungeon)

   It causes magical contamination when unequipped.
   It makes you less stealthy.
 S - the cursed +13 scythe of Curses {drain, *Curse}
   (You found it in the Dungeon)

   A truly terrible weapon, it drains the life of those it strikes.
   It curses itself when equipped.
   It has a curse placed upon it.
 T - the +6 shillelagh "Devastator" {shatter}
   (You found it in the Dungeon)
 U - the +8 storm bow {elec, penet}
   (You found it in the Dungeon)

   It charges the ammunition it shoots with electricity; occasionally upon a
   hit, such missiles may discharge and cause terrible harm.
   Ammo fired by it will pass through the targets it hits, potentially hitting
   all targets in its path until it reaches maximum range.
 Y - the +6 Majin-Bo {vamp, Archmagi MP+6 Int+6}
   (You found it in the Dungeon)

   It inflicts no extra harm, but heals its wielder when it wounds a living foe.
   It affects your intelligence (+6).
   It affects your magic capacity (+6).
Missiles
 l - 1000 bolts
Armour
 n - +5 gold dragon scales (worn)
 K - the +15 Maxwell's patent armour {-Cast -Tele rElec MR+ rCorr}
   (You found it in the Dungeon)

   It insulates you from electricity.
   It affects your resistance to hostile enchantments.
   It prevents spellcasting.
   It prevents most forms of teleportation.
   It provides partial protection from all sources of acid and corrosion.
 N - the +18 shield of the Gong {rElec rN+ MR+ EV-5}
   (You found it in the Dungeon)

   It affects your evasion (-5).
   It insulates you from electricity.
   It protects you from negative energy.
   It affects your resistance to hostile enchantments.
Jewellery
 B - a +6 ring of dexterity
 C - the ring of Shadows (left hand) {Umbra +Inv Stlth+}
   (You found it in the Dungeon)

   [ring of stealth]

   It lets you turn invisible.
   It makes you more stealthy.
 D - an uncursed ring of flight
 F - a +6 ring of intelligence
 G - a +6 ring of strength
 H - a +6 ring of strength
 V - a +5 ring of evasion (right hand)
 W - the amulet of Fragile Peace (around neck) {Reflect rC++ SH+2}
   (You found it in the Dungeon)

   [amulet of reflection]

   It shields you and reflects attacks.
   It greatly protects you from cold.
   It affects your SH (+2).
Wands
 y - a wand of acid (6)
 z - a wand of disintegration (5)
 A - a wand of iceblast (13)
Scrolls
 k - 4 scrolls of blinking
 o - 2 scrolls of fear
 p - 6 scrolls of fog
 q - 2 scrolls of holy word
 r - 4 scrolls of identify
 s - 5 scrolls of remove curse
Potions
 d - 6 potions of might
 e - 9 potions of curing
 g - 6 potions of heal wounds
 h - 9 potions of haste
 i - 7 potions of magic
 j - 2 potions of berserk rage
 t - 5 potions of agility
 u - 2 potions of brilliance
 w - 2 potions of invisibility
 x - 4 potions of resistance
 E - a potion of flight
Miscellaneous
 v - a phantom mirror
 I - a lightning rod (4/4)
Comestibles
 f - 4 rations


   Skills:
 + Level 13.5 Fighting
 + Level 25.5 Axes
 - Level 3.2 Armour
 - Level 3.2 Shields
 - Level 14.3 Invocations


You had 10 spell levels left.
You didn't know any spells.
Your spell library contained the following spells:

 Spells                   Type           Power        Failure   Level  Hunger
 Animate Skeleton         Necr           N/A          100%        1    ##.....
 Apportation              Tloc           #.....       100%        1    ##.....
 Confusing Touch          Hex            #.....       100%        1    ##.....
 Corona                   Hex            #......      100%        1    ##.....
 Infusion                 Chrm           #...         100%        1    ##.....
 Summon Small Mammal      Summ           #...         100%        1    ##.....
 Blink                    Tloc           N/A          100%        2    ###....
 Passwall                 Tmut/Erth      #.......     100%        2    ###....
 Shroud of Golubria       Chrm/Tloc      #.....       100%        2    ###....
 Slow                     Hex            #.......     100%        2    ###....
 Song of Slaying          Chrm           #.......     100%        2    ###....
 Gell's Gravitas          Tloc           #.........   100%        3    ####...
 Inner Flame              Hex/Fire       #.......     100%        3    ####...
 Lesser Beckoning         Tloc           #.........   100%        3    ####...
 Portal Projectile        Hex/Tloc       #.....       100%        3    ####...
 Regeneration             Chrm/Necr      #.........   100%        3    ####...
 Spectral Weapon          Hex/Chrm       #.......     100%        3    ####...
 Teleport Other           Tloc           #.......     100%        3    ####...
 Cause Fear               Hex            #.........   100%        4    #####..
 Leda's Liquefaction      Hex/Erth       #.........   100%        4    #####..
 Passage of Golubria      Tloc           N/A          100%        4    #####..
 Alistair's Intoxication  Tmut/Pois      #.......     100%        5    ######.
 Fireball                 Conj/Fire      #.........   100%        5    ######.
 Haunt                    Necr/Summ      #.........   100%        7    #######
 Borgnjor's Revivificati  Necr           #.........   100%        8    #######
 Death's Door             Chrm/Necr      #.........   100%        8    #######
 Ignition                 Fire           #.........   100%        8    #######
 Infestation              Necr           #.........   100%        8    #######
 Necromutation            Tmut/Necr      #.........   100%        8    #######


Dungeon Overview and Level Annotations

Branches:
Dungeon (1/1)

Altars:
Ashenzari
Cheibriados
Dithmenos
Elyvilon
Fedhas
Gozag
Hepliaklqana
Kikubaaqudgha
Makhleb
Nemelex Xobeh
Okawaru
Qazlal
Ru
Sif Muna
Trog
Uskayaw
Vehumet
Wu Jian
Xom
Yredelemnul
Zin
The Shining One
Beogh
Jiyva
Lugonu

Annotations:
D 1 transporter


Message History

The yellow draconian is splashed with acid.
The yellow draconian seems to be corroded for longer.
The acid splashes onto the black draconian!
The black draconian is splashed with acid.
The acid splashes onto the red draconian!
The red draconian is splashed with acid.
The acid corrodes the red draconian!
Your cacodemon gestures at the red draconian.
The red draconian appears confused.
The black draconian breathes lightning at you.
The bolt of lightning hits you!!
* * * LOW HITPOINT WARNING * * *
The moth of wrath goads the red draconian on!
The red draconian goes berserk!
The moth of wrath goads the yellow draconian on!
The yellow draconian goes berserk!
The yellow draconian throws acid at you.
The glob of acid hits you but does no damage.
You are splashed with acid.
You die...

▓....©....▓..§§...▓
▓▓▓▓▓▓▓▓▓▓▓▓▓▓▓▓▓▓▓▓▓
▓...8©8...▓...8©8...▓
▓..=}):[..▓..[))|...▓
▓..[=||)..▓...)})...▓
▓....dd...▓.....)...▓
▓..dd.....▓..).)....▓
▓....ddy..▓....)....▓
▓..○@d.2..▓....))...▓
▓....d....▓.▓..)..▓.▓
▓.▓.....▓.▓....©....▓
▓....©....▓▓▓▓▓▓▓▓▓▓▓
▓▓▓▓▓▓▓▓▓▓▓


You could see a black draconian, 3 draconians, 2 draconians, 2 draconians, a
moth of wrath and a friendly cacodemon.

Vanquished Creatures
  A death cob (D)
  A yaktaur captain (D)
  Erica (D)
  A deep elf archer (D)
  3 deep elf magi (D)
  A cyclops (D)
  2 wolf spiders (D)
  A yaktaur (D)
  3 jumping spiders (D)
  A tarantella (D)
  Edmund (D)
  Duvessa (D)
  3 centaurs (D)
  Dowan (D)
  An earth elemental (D)
  7 scorpions (D)
  A wight (D)
  Crazy Yiuf (D)
  Jessica (D)
  2 orc wizards (D)
  3 mummies (D)
  An adder (D)
  An adder skeleton (D)
  2 orcs (D)
  2 ball pythons (D)
43 creatures vanquished.

Vanquished Creatures (collateral kills)
  A mummy priest (D)
  A deep elf knight (D)
  A deep elf archer (D)
  A wolf spider (D)
  A guardian mummy (D)
  2 scorpions (D)
  2 mummies (D)
  A ball python zombie (D)
10 creatures vanquished.

Vanquished Creatures (others)
  2 deep elf magi (D)
  Sigmund (D)
  Blork the orc (D)
4 creatures vanquished.

Grand Total: 57 creatures vanquished

Notes
Turn   | Place    | Note
-------+----------+-------------------------------------------
     0 | D        | Iskender the Hill Orc Fighter began the quest for the Orb.
     0 | D        | Reached XP level 1. HP: 19/19 MP: 1/1
     2 | D        | Found a blossoming altar of Fedhas.
     3 | D        | Found the +6 Majin-Bo {vamp, Archmagi MP+6 Int+6}
     3 | D        | Found the +7 great mace "Firestarter" {inner flame, rF++}
     3 | D        | Found a viscous altar of Jiyva.
     3 | D        | Found a hazy altar of Hepliaklqana.
     3 | D        | Found a transporter.
     3 | D        | Found an opulent altar of Gozag.
     3 | D        | Found an ancient bone altar of Kikubaaqudgha.
     3 | D        | Found a corrupted altar of Lugonu.
     6 | D        | Killed Sigmund
    71 | D        | Found a burning altar of Makhleb.
    72 | D        | Found a stormy altar of Qazlal.
    72 | D        | Found a sacrificial altar of Ru.
    72 | D        | Found an iron altar of Okawaru.
    72 | D        | Found a shimmering blue altar of Sif Muna.
    72 | D        | Found a sparkling altar of Nemelex Xobeh.
    72 | D        | Found a bloodstained altar of Trog.
    96 | D        | Found the +9 heavy crossbow "Sniper" {velocity, Acc+∞ SInv}
    96 | D        | Found the +10 dark maul {crush}
    96 | D        | Found the +15 Maxwell's patent armour {-Cast -Tele rElec
                  | MR+ rCorr}
    96 | D        | Found the +18 shield of the Gong {rElec rN+ MR+ EV-5}
    96 | D        | Found the cursed +14 obsidian axe {chop, +Fly SInv *Curse}
    98 | D        | Found the +6 shillelagh "Devastator" {shatter}
    98 | D        | Found the +11 plutonium sword {*Contam Stlth-}
    98 | D        | Found the +8 lance "Wyrmbane" {slay drac, rPois rF+ rC+
                  | AC+3}
    98 | D        | Found the +9 sword of Zonguldrok {reap}
    98 | D        | Found the cursed +13 scythe of Curses {drain, *Curse}
    98 | D        | Found the +0 sword of Power
    98 | D        | Found the +7 mace of Variability {chain chaos}
    98 | D        | Found the +7 Singing Sword {slice, sonic wave}
    98 | D        | Found the +8 storm bow {elec, penet}
   117 | D        | Became a worshipper of Makhleb the Destroyer
   124 | D        | Entered arena 2.
   124 | D        | Noticed a wight
   124 | D        | Found a transporter.
   125 | D        | Reached skill level 10 in Axes
   125 | D        | Reached XP level 2. HP: 26/26 MP: 2/2
   131 | D        | Killed a wight
   131 | D        | Reached skill level 11 in Axes
   131 | D        | Reached XP level 3. HP: 18/31 MP: 3/3
   261 | D        | Entered arena 3.
   261 | D        | Found a transporter.
   264 | D        | Reached * piety under Makhleb
   264 | D        | Reached skill level 12 in Axes
   264 | D        | Reached XP level 4. HP: 39/39 MP: 4/4
   274 | D        | Killed Blork the orc
   280 | D        | Got the +9 glaive of Optimality {antimagic, *Slow rPois
                  | Str+9}
   285 | D        | Entered arena 4.
   285 | D        | Found a transporter.
   286 | D        | Found the ring of Shadows {Umbra +Inv Stlth+}
   287 | D        | Reached ** piety under Makhleb
   289 | D        | Reached skill level 13 in Axes
   289 | D        | Reached XP level 5. HP: 45/45 MP: 5/5
   315 | D        | Entered arena 5.
   315 | D        | Noticed a jumping spider
   315 | D        | Noticed a tarantella
   315 | D        | Found a transporter.
   322 | D        | Reached *** piety under Makhleb
   322 | D        | Reached skill level 14 in Axes
   329 | D        | Reached skill level 15 in Axes
   341 | D        | Killed a tarantella
   341 | D        | Reached skill level 17 in Axes
   341 | D        | Reached XP level 6. HP: 32/51 MP: 6/6
   345 | D        | Killed a jumping spider
   345 | D        | Reached skill level 18 in Axes
   345 | D        | Reached XP level 7. HP: 43/64 MP: 7/7
   453 | D        | Entered arena 6.
   453 | D        | Noticed a jumping spider
   453 | D        | Found a transporter.
   457 | D        | Reached **** piety under Makhleb
   460 | D        | Killed a jumping spider
   460 | D        | Reached XP level 8. HP: 77/77 MP: 5/8
   463 | D        | Reached skill level 19 in Axes
   548 | D        | Entered arena 7.
   548 | D        | Noticed Jessica
   548 | D        | Noticed Crazy Yiuf
   548 | D        | Noticed Dowan
   548 | D        | Noticed Duvessa
   548 | D        | Noticed Edmund
   548 | D        | Noticed Erica
   549 | D        | Found the +3 sling "Punk" {acid, rCorr}
   553 | D        | Killed Duvessa
   553 | D        | Killed Crazy Yiuf
   553 | D        | Reached ***** piety under Makhleb
   553 | D        | Killed Jessica
   553 | D        | Killed Dowan
   555 | D        | Killed Edmund
   555 | D        | Reached skill level 5 in Invocations
   555 | D        | Killed Erica
   555 | D        | Reached skill level 20 in Axes
   555 | D        | Reached XP level 9. HP: 83/83 MP: 6/16
   556 | D        | Found a transporter.
   570 | D        | Got the Volume of Burning Transformation
   573 | D        | Entered arena 8.
   573 | D        | Noticed a cyclops
   573 | D        | Noticed a yaktaur
   573 | D        | Noticed a yaktaur captain
   574 | D        | Identified the +10 battleaxe "Fithrupn" {chop, rF+ Int+4
                  | Stlth+}
   582 | D        | Reached skill level 10 in Invocations
   584 | D        | Killed a yaktaur captain
   584 | D        | Reached skill level 21 in Axes
   585 | D        | Killed a yaktaur
   585 | D        | Found a transporter.
   589 | D        | Killed a cyclops
   589 | D        | Reached ****** piety under Makhleb
   589 | D        | Reached skill level 22 in Axes
   589 | D        | Reached XP level 10. HP: 86/91 MP: 10/20
   708 | D        | Entered arena 9.
   708 | D        | Noticed a wolf spider
   708 | D        | Noticed a wolf spider
   708 | D        | Noticed a wolf spider
   711 | D        | Killed a wolf spider
   713 | D        | Killed a wolf spider
   715 | D        | Killed a wolf spider
   715 | D        | Reached skill level 23 in Axes
   718 | D        | Found a transporter.
   857 | D        | Entered arena 10.
   857 | D        | Noticed a mummy priest
   859 | D        | Found a transporter.
   864 | D        | Killed a mummy priest
   868 | D        | Reached skill level 24 in Axes
   873 | D        | Got the amulet of Fragile Peace {Reflect rC++ SH+2}
   977 | D        | Entered arena 11.
   977 | D        | Noticed a deep elf mage
   977 | D        | Noticed a deep elf mage
   977 | D        | Noticed a deep elf archer
   977 | D        | Noticed a deep elf knight
   977 | D        | Noticed a deep elf mage
   977 | D        | Noticed a deep elf mage
   977 | D        | Noticed a deep elf archer
   977 | D        | Noticed a deep elf mage
   981 | D        | Killed a deep elf mage
   982 | D        | Killed a deep elf mage
   982 | D        | Reached skill level 10 in Fighting
   982 | D        | Killed a deep elf mage
   983 | D        | Killed a deep elf archer
   983 | D        | Reached XP level 11. HP: 88/102 MP: 19/21
   983 | D        | Killed a deep elf mage
   984 | D        | Noticed a soul eater
   984 | D        | Found a transporter.
   984 | D        | Killed a deep elf mage
   989 | D        | Killed a deep elf knight
   989 | D        | Reached skill level 25 in Axes
   990 | D        | Killed a deep elf archer
  1089 | D        | Entered arena 12.
  1089 | D        | Noticed a red draconian
  1089 | D        | Noticed a white draconian
  1089 | D        | Noticed a black draconian
  1089 | D        | Noticed a yellow draconian
  1089 | D        | Noticed a white draconian
  1089 | D        | Noticed a red draconian
  1089 | D        | Noticed a yellow draconian
  1089 | D        | Noticed a moth of wrath
  1090 | D        | Noticed a death cob
  1091 | D        | Found a transporter.
  1091 | D        | Noticed a yellow draconian
  1095 | D        | HP: 2/105 [death cob (26)]
  1096 | D        | Killed a death cob
  1097 | D        | Splashed by a yellow draconian's acid

Levels and vault maps discovered:
D:        sprint_v [room_start, room_1, room_2, room_3, room_4, room_5, room_6,
          room_7, room_8, room_9, room_10, room_11, room_12, room_13, room_14,
          room_15, room_16, room_17, room_18, room_19, room_20, room_21,
          room_22, room_23, room_24, room_25, room_26, room_27]

Skill      XL: |  1  2  3  4  5  6  7  8  9 10 11 |
---------------+----------------------------------+-----
Axes           | 10 11 12 13 17 18 20 22 24 25 | 25.5
Fighting       | 6 8 9 11 13 | 13.5
Invocations    | 9 13 14 | 14.3
Armour         | |  3.2
Shields        | |  3.2

Action                   |  1- 3 |  4- 6 |  7- 9 | 10-12 || total
-------------------------+-------+-------+-------+-------++-------
Melee: Executioner's axe |     7 |    24 |    20 |    19 ||    70
Invok: Greater Servant o |       |       |       |     2 ||     2
 Abil: Evoke Invisibilit |       |     1 |     2 |     4 ||     7
Evoke: Wand              |       |     1 |     3 |     1 ||     5
       Lightning rod     |       |       |     5 |     8 ||    13
  Use: Potion            |     1 |     5 |     2 |       ||     8
       Scroll            |       |       |     2 |       ||     2
 Stab: Invisible         |       |     1 |       |     6 ||     7
  Eat: Ration            |     1 |       |       |     2 ||     3
Armor: Gold dragon scale |     4 |    49 |    10 |    14 ||    77
Dodge: Dodged            |     4 |    16 |     7 |     8 ||    35
